 Dungeon Crawl Stone Soup version 0.24.0-125-gc4c63601f3 (webtiles) character file.

Game seed: 1601057157796739666, levelgen mode: deterministic

6 Defined the Chopper (level 1, 0/23 HPs)
             Began as a Gnoll Chaos Knight on Feb 22, 2020.
             Was a Plaything of Xom.
             Slain by a kobold (4 damage)
             ... on level 1 of the Dungeon.
             The game lasted 00:01:04 (60 turns).

Defined the Chopper (Gnoll Chaos Knight)              Turns: 60, Time: 00:01:04

Health: 0/23       AC:  5    Str: 14    XL:     1   Next: 90%
Magic:  1/1        EV: 12    Int: 14    God:    Xom [..*...]
Gold:   0          SH:  0    Dex: 14    Spells: 0/0 levels left

rFire    . . .     SeeInvis .   a - +0 hand axe (chaos)
rCold    . . .     Gourm    .   (no shield)
rNeg     . . .     Faith    .   b - +2 leather armour
rPois    .         Spirit   .   (no helmet)
rElec    .         Reflect  .   (no cloak)
rCorr    .         Harm     .   (no gloves)
MR       .....                  (no boots)
Stlth    +.........             (no amulet)
HPRegen  0.07/turn              (no ring)
MPRegen  0.07/turn              (no ring)

@: no status effects
A: distributed training, fangs 1, strong nose
a: Renounce Religion


You were on level 1 of the Dungeon.
You worshipped Xom.
You were a toy of Xom.
You were not hungry.

You visited 1 branch of the dungeon, and saw 1 of its levels.

Inventory:

Hand Weapons
 a - a +0 hand axe of chaos (weapon)
Armour
 b - a +2 leather armour (worn)
Scrolls
 d - a scroll of blinking {unknown}
Comestibles
 c - 2 rations
 f - 4 chunks of flesh


   Skills:
 + Level 6.4 Fighting
 + Level 0.1 Short Blades
 + Level 0.1 Long Blades
 + Level 6.4 Axes
 + Level 0.1 Maces & Flails
 + Level 0.1 Polearms
 + Level 0.1 Staves
 + Level 0.1 Slings
 + Level 0.1 Bows
 + Level 0.1 Crossbows
 + Level 0.1 Throwing
 + Level 4.4 Armour
 + Level 2.4 Dodging
 + Level 0.1 Stealth
 + Level 0.1 Shields
 + Level 0.1 Unarmed Combat
 + Level 0.1 Spellcasting
 + Level 0.1 Conjurations
 + Level 0.1 Hexes
 + Level 0.1 Charms
 + Level 0.1 Summonings
 + Level 0.1 Necromancy
 + Level 0.1 Translocations
 + Level 0.1 Transmutations
 + Level 0.1 Fire Magic
 + Level 0.1 Ice Magic
 + Level 0.1 Air Magic
 + Level 0.1 Earth Magic
 + Level 0.1 Poison Magic
 + Level 0.2 Invocations
 + Level 0.1 Evocations


You couldn't memorise any spells.
You didn't know any spells.
Your spell library was empty.

Dungeon Overview and Level Annotations

Branches:
Dungeon (1/15)

Altars:


Innate Abilities, Weirdness & Mutations

Your experience applies equally to all skills.
You have very sharp teeth.
Your uncanny sense of smell can sniff out nearby items.


Message History

You see here a scroll labeled ZIKIPTOOSCHA.
You miss the bat. The bat hits you but does no damage.
You hit the bat.
The bat changes into a glowing shapeshifter!
Xom thinks this is hilarious!
Your bite misses the glowing shapeshifter.
The glowing shapeshifter is moderately wounded.
The glowing shapeshifter changes into a cyclops!
You hit the cyclops. You bite the cyclops, but do no damage.
The cyclops is lightly wounded.
The cyclops hits you!
Ouch! That really hurt!
* * * LOW HITPOINT WARNING * * *
A kobold comes into view.
The kobold shouts!
The cyclops changes into a swamp dragon!
The kobold hits you but does no damage. The kobold hits you.
You die...
Xom titters!

#≈.......≈# ##
#≈......§§# ...
#.........# ..#
#.........#
...#.........#
.#.####'''####
.....#8...8#
#K..)..(#
###.@.÷..###.
##.####?D............
..............####.%#
$.[............... #
#########...######
#...... #######


You could see a swamp dragon shaped shifter and a kobold.

Vanquished Creatures
  A leopard gecko (D:1)
  A giant cockroach (D:1)
  A hobgoblin (D:1)
  A kobold (D:1)
  A rat (D:1)
5 creatures vanquished.

Notes
Turn   | Place    | Note
-------+----------+-------------------------------------------
     0 | D:1      | Defined the Gnoll Chaos Knight began the quest for the Orb.
     0 | D:1      | Reached XP level 1. HP: 23/23 MP: 1/1
    56 | D:1      | Noticed a glowing shapeshifter
    56 | D:1      | a bat changed into a glowing shapeshifter
    56 | D:1      | Noticed a cyclops
    56 | D:1      | a glowing shapeshifter changed into a cyclops
    59 | D:1      | Noticed a swamp dragon
    59 | D:1      | a cyclops changed into a swamp dragon
    60 | D:1      | Slain by a kobold

Levels and vault maps discovered:
D:1:      scummos_arrival_gate, layout_loops_ring, minmay_tromino_v4_c

Action                   || total
-------------------------++-------
Melee: Hand axe          ||    14
       Bite              ||     3
Armor: Leather armour    ||     5
Dodge: Dodged            ||    11
